 Dungeon Crawl Stone Soup version 0.27.1-33-g824d729ab1 (webtiles) character file.

Game seed: 1912179194650911208

191 Gabide the Shooter (level 5, -6/48 HPs)
             Began as a Gnoll Wanderer on Dec 10, 2021.
             Was a Believer of Ashenzari.
             Mangled by an iguana (8 damage)
             ... on level 4 of the Dungeon.
             The game lasted 00:06:36 (2830 turns).

Gabide the Shooter (Gnoll Wanderer)                 Turns: 2830, Time: 00:06:37

Health: -6/48      AC:  9    Str: 11    XL:     5   Next: 70%
Magic:  12/12      EV:  2    Int: 11    God:    Ashenzari [**....]
Gold:   227        SH:  0    Dex: 13    Spells: 14/14 levels left

rFire    . . .     SeeInvis +   a - +2 shortbow "Cursed Mysticism" {Range, Self} (curse)
rCold    . . .     Faith    .   (shield currently unavailable)
rNeg     . . .     Spirit   .   h - +0 chain mail "Circumscribed With Me" {Self, Fort} (curse)
rPois    .         Reflect  .   (no helmet)
rElec    .         Harm     .   (no cloak)
rCorr    +         Rampage  .   (no gloves)
Will     .....                  (no boots)
Stlth    ..........             o - amulet of the acrobat
HPRegen  0.16/turn              g - ring "Per Aspera Ad Scientiam" {rCorr, Range, Bglg} (curse)
MPRegen  0.13/turn              (no ring)

@: constricted
A: fangs 1, strong nose, distributed training
a: Renounce Religion, Shatter the Chains


You were on level 4 of the Dungeon.
You worshipped Ashenzari.
Ashenzari was pleased with you.
You visited 1 branch of the dungeon, and saw 4 of its levels.

You collected 227 gold pieces.

Inventory:

Hand Weapons
 a - the cursed +2 shortbow "Cursed Mysticism" (weapon) {Range, Self}

   It has a curse which improves the following skills: Ranged Combat: Slings,
   Bows, Crossbows and Throwing.
   Introspection: Fighting and Spellcasting.
 i - a +0 lajatang
Missiles
 b - 31 arrows (quivered ammo)
Armour
 d - a +0 robe
 h - the cursed +0 chain mail "Circumscribed With Me" (worn) {Self, Fort}
   (You found it on level 2 of the Dungeon)

   It has a curse which improves the following skills: Introspection: Fighting
   and Spellcasting.
   Fortitude: Armour and Shields.
Jewellery
 g - the cursed ring "Per Aspera Ad Scientiam" (left hand) {rCorr, Range, Bglg}
   (You found it on level 1 of the Dungeon)

   [ring of resist corrosion]

   rCorr:     It protects you from acid and corrosion.
   It has a curse which improves the following skills: Ranged Combat: Slings,
   Bows, Crossbows and Throwing.
   Beguiling: Conjurations, Hexes and Translocations.
 o - an amulet of the acrobat (around neck)
Scrolls
 c - 3 scrolls of teleportation
 f - a scroll of fog
 j - a scroll of enchant armour
 k - a scroll of blinking
 l - a scroll of fear
Potions
 e - 2 potions of degeneration
 m - a potion of flight
 n - a potion of brilliance


   Skills:
 + Level 4.8(7.0) Fighting
 + Level 1.6 Short Blades
 + Level 1.6 Long Blades
 + Level 1.6 Axes
 + Level 1.6 Maces & Flails
 + Level 1.6 Polearms
 + Level 1.6 Staves
 + Level 1.6(3.2) Slings
 + Level 4.8(7.0) Bows
 + Level 1.6(3.2) Crossbows
 + Level 3.0(5.0) Throwing
 + Level 3.0(4.3) Armour
 + Level 1.6 Dodging
 + Level 1.6 Stealth
 + Level 1.6(2.6) Shields
 + Level 1.6 Unarmed Combat
 + Level 3.2(5.2) Spellcasting
 + Level 1.2(2.2) Conjurations
 + Level 1.2(2.2) Hexes
 + Level 1.2 Summonings
 + Level 1.2 Necromancy
 + Level 1.2(2.2) Translocations
 + Level 4.0 Transmutations
 + Level 1.2 Fire Magic
 + Level 1.2 Ice Magic
 + Level 1.2 Air Magic
 + Level 1.2 Earth Magic
 + Level 1.2 Poison Magic
 + Level 1.8 Invocations
 + Level 3.0 Evocations


You had 14 spell levels left.
You didn't know any spells.
Your spell library contained the following spells:

 Spells                   Type           Power      Damage    Failure   Level
 Portal Projectile        Hex/Tloc       14%        N/A       100%        3
 Blade Hands              Tmut           5%         N/A       100%        5
 Excruciating Wounds      Necr           2%         N/A       100%        5


Dungeon Overview and Level Annotations

Branches:
Dungeon (4/15)
 Temple: D:4-7

Altars:
Ashenzari
Hepliaklqana
Kikubaaqudgha
Makhleb
Vehumet
Yredelemnul


Innate Abilities, Weirdness & Mutations

You have very sharp teeth.
Your uncanny sense of smell can sniff out nearby items.
Your experience applies equally to all skills.


Message History

You are too injured to fight recklessly!
You are too injured to fight recklessly!
You are too injured to fight recklessly!
You are too injured to fight recklessly!
You are too injured to fight recklessly!
You are too injured to fight recklessly!
You are too injured to fight recklessly!
The iguana misses you.
Fire: 33 arrows
Press: ? - help, Q - select action, (/) - cycle Shift-Dir - straight line, f/p - iguana
Aim: an iguana (lightly wounded, 69% to hit)
You shoot an arrow.
The arrow hits the iguana but does no damage.
The iguana is lightly wounded.
The iguana bites you!
* * * LOW HITPOINT WARNING * * *
Fire: 32 arrows
Press: ? - help, Q - select action, (/) - cycle Shift-Dir - straight line, f/p - iguana
Aim: an iguana (lightly wounded, 68% to hit)
You shoot an arrow.
The arrow hits the iguana but does no damage.
The iguana is lightly wounded.
The iguana bites you!
* * * LOW HITPOINT WARNING * * *
A ball python comes into view.
The ball python hisses angrily.
An endoplasm comes into view.
Found a stone staircase leading up.
The ball python barely misses you. x2
The ball python misses you. The ball python barely misses you.
The endoplasm freezes you.
You are frozen.
* * * LOW HITPOINT WARNING * * *
There is a stone staircase leading up here.
The ball python bites you but does no damage.
The ball python grabs you.
You stop ascending the stairs.
The ball python constricts you.
The endoplasm hits you but does no damage.
The iguana bites you!
You die...

* * #.#.#(#.# *
#.#(#.#.#**### , , *
,#.#.#.#..,,..#
#.#.#.######.#### ,
###+#+#.#.#...l.......# ,
........#.######......# ,
..........#...........#
........l.#.####......##
, ,
.......@S...............
*
*#####..#J...###.........
, ,............#.........
, ####......##.#.......##
#.................# *
#.................## *
#...........##......
...........<...##### ,
........#### *


You could see an iguana, an endoplasm and a ball python.

Vanquished Creatures
  A necrophage (D:3)
  An orc wizard (D:3)
  2 adders
  An adder skeleton (D:4)
  2 worms (D:2)
  A dart slug (D:2)
  3 orcs (D:3)
  5 bats
  6 endoplasms
  2 giant cockroaches
  8 goblins
  3 hobgoblins
  A quokka (D:1)
  7 ball pythons
  A kobold (D:2)
  3 rats
47 creatures vanquished.

Notes
Turn   | Place    | Note
-------+----------+-------------------------------------------
     0 | D:1      | Gabide the Gnoll Wanderer began the quest for the Orb.
     0 | D:1      | Gabide set off with the following items: a +2 shortbow, 26
                  | arrows, 2 scrolls of teleportation, a +0 robe
     0 | D:1      | Reached XP level 1. HP: 20/20 MP: 4/4
   203 | D:1      | Reached XP level 2. HP: 23/26 MP: 5/5
   314 | D:1      | Found a faded altar of an unknown god.
   324 | D:1      | Became a worshipper of Ashenzari the Shackled
   338 | D:1      | Reached * piety under Ashenzari
   722 | D:2      | Reached XP level 3. HP: 33/33 MP: 8/8
  1083 | D:2      | Reached skill level 1 in Invocations
  1177 | D:2      | Reached skill level 1 in Short Blades
  1177 | D:2      | Reached skill level 1 in Long Blades
  1177 | D:2      | Reached skill level 1 in Axes
  1177 | D:2      | Reached skill level 1 in Maces & Flails
  1177 | D:2      | Reached skill level 1 in Polearms
  1177 | D:2      | Reached skill level 1 in Staves
  1177 | D:2      | Reached skill level 1 in Slings
  1177 | D:2      | Reached skill level 1 in Crossbows
  1177 | D:2      | Reached skill level 1 in Dodging
  1177 | D:2      | Reached skill level 1 in Stealth
  1177 | D:2      | Reached skill level 1 in Shields
  1177 | D:2      | Reached skill level 1 in Unarmed Combat
  1202 | D:2      | Reached ** piety under Ashenzari
  1409 | D:3      | Reached XP level 4. HP: 41/41 MP: 10/10
  1525 | D:3      | Found a basalt altar of Yredelemnul.
  1527 | D:3      | Found a hazy altar of Hepliaklqana.
  1800 | D:3      | Noticed a necrophage
  1815 | D:3      | Killed a necrophage
  1816 | D:3      | Reached skill level 1 in Conjurations
  1816 | D:3      | Reached skill level 1 in Hexes
  1816 | D:3      | Reached skill level 1 in Summonings
  1816 | D:3      | Reached skill level 1 in Necromancy
  1816 | D:3      | Reached skill level 1 in Translocations
  1816 | D:3      | Reached skill level 1 in Fire Magic
  1816 | D:3      | Reached skill level 1 in Ice Magic
  1816 | D:3      | Reached skill level 1 in Air Magic
  1816 | D:3      | Reached skill level 1 in Earth Magic
  1816 | D:3      | Reached skill level 1 in Poison Magic
  1816 | D:3      | Reached XP level 5. HP: 22/48 MP: 12/12
  2550 | D:3      | Found a burning altar of Makhleb.
  2550 | D:3      | Found a radiant altar of Vehumet.
  2558 | D:3      | Found a faded altar of an unknown god.
  2560 | D:3      | Found a faded altar of an unknown god.
  2562 | D:3      | Found an ancient bone altar of Kikubaaqudgha.
  2829 | D:4      | HP: 2/48 [frozen (4)]
  2830 | D:4      | Mangled by an iguana

Illustrated notes

Levels and vault maps discovered:
D:1:      scummos_arrival_gate, layout_loops_ring,
          ebering_ecumenical_altar_sacrificial
D:2:      layout_rooms, minivault_11, minmay_pentomino_pile
D:3:      layout_loops_ring, chequers_temple_overflow_minitemple,
          chequers_temple_overflow_statue_of_worship, serial_forest,
          infiniplex_forest_end_3, infiniplex_forest_diagonal,
          infiniplex_forest_pool, infiniplex_forest_end_double,
          infiniplex_forest_clump_curved, infiniplex_forest_lined_1
D:4:      layout_basic, minmay_temple_entry_trees, uniq_blork_the_orc,
          uniq_duvessa, uniq_sigmund, uniq_pikel

Skill      XL: |  1  2  3  4  5 |
---------------+----------------+-----
Invocations    | 1 |  1.8
Short Blades   | 1 |  1.6
Long Blades    | 1 |  1.6
Axes           | 1 |  1.6
Maces & Flails | 1 |  1.6
Polearms       | 1 |  1.6
Staves         | 1 |  1.6
Slings         | 1 |  1.6
Crossbows      | 1 |  1.6
Dodging        | 1 |  1.6
Stealth        | 1 |  1.6
Shields        | 1 |  1.6
Unarmed Combat | 1 |  1.6
Spellcasting   | 3 |  3.2
Throwing       | 3 |  3.0
Armour         | 3 |  3.0
Conjurations   | 1 |  1.2
Hexes          | 1 |  1.2
Summonings     | 1 |  1.2
Necromancy     | 1 |  1.2
Translocations | 1 |  1.2
Fire Magic     | 1 |  1.2
Ice Magic      | 1 |  1.2
Air Magic      | 1 |  1.2
Earth Magic    | 1 |  1.2
Poison Magic   | 1 |  1.2
Evocations     | 3 |  3.0
Transmutations | 4 |  4.0
Fighting       | |  4.8
Bows           | |  4.8

Action                   |  1- 3 |  4- 6 || total
-------------------------+-------+-------++-------
 Fire: Shortbow          |    87 |    47 ||   134
Invok: Curse Item        |     2 |     1 ||     3
  Use: Potion            |       |     1 ||     1
Armor: Robe              |     4 |       ||     4
       Chain mail        |    15 |    10 ||    25
Dodge: Dodged            |     8 |     8 ||    16
